 Dungeon Crawl Stone Soup version 0.29-a0-1009-g60c99734e7 (webtiles) character file.

Game seed: 13587245472064538173

2166 Weaver the Sneak (level 9, -4/58 HPs)
             Began as an Octopode Hedge Wizard on Aug 8, 2022.
             Slain by a white ugly thing (30 damage)
             ... on level 8 of the Dungeon.
             The game lasted 00:38:37 (7938 turns).

Weaver the Sneak (Octopode Hedge Wizard)            Turns: 7938, Time: 00:38:38

Health: -4/58      AC:  1    Str: 15    XL:     9   Next: 32%
Magic:  14/15      EV: 14    Int: 18    God:
Gold:   347        SH:  0    Dex: 14    Spells: 4/16 levels left

rFire   . . .      SeeInvis .   m - +2 short sword (venom)
rCold   . . .      Faith    .   (no shield)
rNeg    . . .      Spirit   .   b - +0 hat
rPois   .          Reflect  .   (no amulet)
rElec   .          Harm     .   e - +6 ring of strength
rCorr   .          Rampage  .   s - ring of wizardry
Will    .....                   (no ring)
Stlth   ++++......              (no ring)
HPRegen 0.19/turn               (no ring)
MPRegen 0.14/turn               (no ring)
                                (no ring)
                                (no ring)

@: no status effects
A: almost no armour, amphibious, 8 rings, camouflage 1, gelatinous body 1,
(nimble swimmer 1), tentacles
a: no special abilities


You were on level 8 of the Dungeon.
You visited 1 branch of the dungeon, and saw 9 of its levels.
You also visited: Sewer.

You collected 347 gold pieces.

Inventory:

Hand Weapons
 a - a +0 dagger of protection
 m - a +2 short sword of venom (weapon)
Missiles
 d - 14 poisoned darts
Armour
 b - a +0 hat (worn)
Jewellery
 e - a +6 ring of strength (left tentacle)
 s - a ring of wizardry (right tentacle)
 u - a ring of poison resistance
Wands
 o - a wand of roots (7)
 p - a wand of flame (13)
Scrolls
 f - a scroll of vulnerability
 i - a scroll of brand weapon
 j - 2 scrolls of teleportation
 k - a scroll of butterflies {unknown}
 t - a scroll of enchant weapon
 v - a scroll of blinking {unknown}
Potions
 c - 2 potions of magic
 g - a potion of might {unknown}
 h - 2 potions of haste
 l - a potion of curing
 n - a potion of lignification
 q - 2 potions of flight
 r - a potion of ambrosia


   Skills:
 + Level 3.7 Fighting
 + Level 3.2 Short Blades
 + Level 4.4 Dodging
 + Level 6.7 Stealth
 + Level 4.3 Spellcasting
 + Level 4.2 Conjurations
 - Level 1.1 Hexes
 - Level 3.1 Summonings
 - Level 1.7 Translocations
 + Level 2.1 Fire Magic
 + Level 3.4 Air Magic
 + Level 4.2 Poison Magic


You had 4 spell levels left.
You knew the following spells:

 Your Spells              Type           Power      Damage    Failure   Level
a - Magic Dart            Conj           76%        1d6       1%          1
b - Slow                  Hex            32%        N/A       3%          1
c - Call Imp              Summ           15%        N/A       2%          2
d - Blink                 Tloc           20%        N/A       4%          2
e - Mephitic Cloud        Conj/Pois/Air  18%        N/A       3%          3
f - Ignite Poison         Fire/Tmut/Pois 11%        N/A       8%          3

Your spell library contained the following spells:

 Spells                   Type           Power      Damage    Failure   Level
 Conjure Flame            Conj/Fire      15%        6-21      4%          3
 Inner Flame              Hex/Fire       9%         N/A       9%          3
 Sticky Flame             Conj/Fire      15%        2d4       16%         4
 Cause Fear               Hex            4%         N/A       32%         4
 Freezing Cloud           Conj/Ice/Air   6%         6-21      45%         5
 Discord                  Hex            4%         N/A       100%        8


Dungeon Overview and Level Annotations

Branches:
Dungeon (9/15)              Sewer (visited)
 Temple: D:4-7         Lair: D:8-11         Orc: D:9-12

Altars:
Uskayaw
Xom

Shops:
D:1 [[?

Annotations:
D:2 Terence
D:5 Dowan, Duvessa
D:7 3 runed translucent doors, gdog's ghost, novice GnDe


Innate Abilities, Weirdness & Mutations

You cannot wear most types of armour.
You are amphibious.
You can wear up to eight rings at the same time.
Your skin changes colour to match your surroundings (Stealth+).
Your rubbery body absorbs attacks. (AC +1, EV +1)
((You are camouflaged when in or above water. (Stealth+)))
You have tentacles for arms and can constrict up to eight enemies at once.


Message History

The orc wizard flickers and vanishes!
Deactivating autopickup; reactivate with Ctrl-A.
The wyvern is engulfed in noxious fumes.
The wyvern appears confused.
Things that are here:
a +0 short sword; a +0 chain mail; a +0 hand axe You barely miss the wyvern.
The wyvern barely misses you. The wyvern bites you!
* * * LOW HITPOINT WARNING * * *
Unknown command.
There is a stone staircase leading up here.
The wyvern bites you.
* * * LOW HITPOINT WARNING * * *
The wyvern bites the orc priest.
You climb upwards.
Reactivating autopickup.
There is a stone staircase leading down here.
You start resting.
Magic restored.
You start resting.
A gnoll sergeant is nearby!
Found an escape hatch in the ceiling.
The white ugly thing gurgles horribly!
You barely miss the white ugly thing. You grab the white ugly thing.
You constrict the white ugly thing. The white ugly thing barely misses you.
You release your grip on the white ugly thing.
Casting: Mephitic Cloud (dangerous; 3% risk of failure)
Confirm with . or Enter, or press ? or * to list all spells.
You blink.
Casting: Blink (safe; 4% risk of failure)
Confirm with . or Enter, or press ? or * to list all spells.
You are still too unstable to blink.
The white ugly thing misses you.
Found a book of Hexes.
You feel stable enough to blink again.
The white ugly thing attacks as you move away!
The white ugly thing closely misses you.
There is an escape hatch in the ceiling here.
The white ugly thing trunk-slaps you. The white ugly thing freezes you!!
Ouch! That really hurt!
You die...

######## #......#### #
#.........#
###.#####.........#
..................+
##.....##........#
#.###.##@##.###.#
######.##u##ยง# .#.#
#..........##.# .#.# #
#.............###.#.# .#
#..........##.##....#..#
#......................#
#..............#....#.#
#..:......###...>.....#
#.................#.####.


You could see a white ugly thing.

Vanquished Creatures
  2 orc warriors
  3 black bears
  A sky beast (D:8)
  An ogre (D:4)
  2 centaurs
  2 phantoms
  3 bullfrogs
  2 scorpions
  A wight (D:6)
  A jelly (D:5)
  3 orc priests
  A gnoll bouda (D:7)
  5 orc wizards
  Ijyb (D:5)
  An iguana (D:4)
  5 gnolls
  11 adders
  5 river rats
  A white imp (D:3)
  3 worms
  3 dart slugs
  24 orcs
  9 ball pythons
  5 endoplasms
  4 giant cockroaches
  3 goblins
  6 hobgoblins
  6 quokkas
  10 bats
  4 kobolds
  3 rats
131 creatures vanquished.

Vanquished Creatures (collateral kills)
  An ogre (D:4)
  A hound (D:3)
  An orc priest (D:4)
  2 gnolls (D:3)
  2 adders
  9 orcs
  An endoplasm (D:3)
  2 goblins
  A quokka (D:5)
20 creatures vanquished.

Vanquished Creatures (others)
  2 plants (D:9)
2 creatures vanquished.

Grand Total: 153 creatures vanquished

Notes
Turn   | Place    | Note
-------+----------+-------------------------------------------
     0 | D:1      | Weaver the Octopode Hedge Wizard began the quest for the
                  | Orb.
     0 | D:1      | Reached XP level 1. HP: 11/11 MP: 4/4
    21 | D:1      | Found Pymeew's Magic Scroll Shoppe.
   312 | D:1      | Found Hiedufiv's Antique Armour Shop.
   330 | D:1      | Learned a level 1 spell: Slow
   377 | D:1      | Found Elaawotu's Antique Armour Boutique.
   531 | D:2      | Reached XP level 2. HP: 16/17 MP: 1/6
   596 | D:2      | Reached skill level 3 in Stealth
   866 | D:2      | Noticed Terence
  1002 | D:2      | Learned a level 2 spell: Call Imp
  1005 | D:2      | Learned a level 2 spell: Blink
  1556 | D:3      | Reached XP level 3. HP: 13/21 MP: 3/7
  1686 | D:3      | Found a hide-covered altar of Uskayaw.
  1909 | D:4      | Reached XP level 4. HP: 12/27 MP: 5/8
  2132 | D:4      | Noticed a black bear
  2208 | D:3      | Reached skill level 1 in Hexes
  2255 | D:3      | Reached skill level 1 in Fighting
  2433 | D:3      | Learned a level 3 spell: Mephitic Cloud
  2469 | D:3      | Reached XP level 5. HP: 25/33 MP: 6/10
  2578 | D:3      | Found a shimmering altar of Xom.
  2957 | D:4      | Noticed a black bear
  3096 | D:3      | Identified a scroll of acquirement
  3096 | D:3      | Acquired a +6 ring of strength
  3283 | D:4      | Reached skill level 4 in Stealth
  3626 | D:4      | Noticed an ogre
  3641 | D:4      | Killed an ogre
  3642 | D:4      | Reached skill level 1 in Air Magic
  3642 | D:4      | Reached skill level 1 in Poison Magic
  3642 | D:4      | Reached XP level 6. HP: 38/38 MP: 5/11
  3982 | D:5      | Entered Level 5 of the Dungeon
  4165 | D:4      | Reached XP level 7. HP: 24/45 MP: 10/12
  4419 | D:4      | Reached skill level 1 in Short Blades
  4553 | D:5      | Noticed Duvessa
  4556 | D:5      | Noticed Dowan
  4564 | D:5      | HP: 2/45 [Duvessa/+0 short sword (6)]
  4833 | D:6      | Reached skill level 5 in Stealth
  4841 | D:6      | Found a glowing drain.
  4849 | Sewer    | Entered a sewer
  5544 | D:5      | Noticed Ijyb
  5550 | D:5      | Killed Ijyb
  5799 | D:5      | Reached XP level 8. HP: 14/51 MP: 8/13
  6040 | D:5      | Learned a level 3 spell: Ignite Poison
  6841 | D:6      | Reached skill level 1 in Fire Magic
  6922 | D:7      | Found a runed translucent gate.
  6922 | D:7      | Found a runed translucent gate.
  6924 | D:7      | Found a runed translucent gate.
  6924 | D:7      | Noticed gdog's ghost (novice GnDe)
  6925 | D:7      | Noticed a kobold demonologist
  7070 | D:7      | Reached skill level 6 in Stealth
  7546 | D:8      | Reached XP level 9. HP: 38/57 MP: 15/15
  7795 | D:8      | Noticed a white ugly thing
  7938 | D:8      | Slain by a white ugly thing

Illustrated notes

Levels and vault maps discovered:
D:1:      minmay_arrival_solitary_statue, layout_basic, serial_aquarium,
          aquarium_bridge_long_separate [aquarium_subvault_bridge,
          aquarium_subvault_bridge, aquarium_subvault_bridge,
          aquarium_subvault_balcony, aquarium_subvault_bridge,
          aquarium_subvault_wall], aquarium_window_3, aquarium_window_fake,
          aquarium_view_2d, serial_shops, shop, nicolae_shop_statue_plus,
          nicolae_shop_trees
D:2:      layout_basic, uniq_terence
D:3:      layout_basic, mainiacjoe_overflow_catch_the_wave, grunt_ministairs_3,
          minmay_ruptured
D:4:      layout_loops_cross
D:5:      layout_basic, uniq_ijyb, uniq_duvessa
D:6:      layout_loops_cross, chequers_temple_overflow_statue_of_worship,
          gup_sewer_entry_bubbles, uniq_prince_ribbit1, uniq_menkaure
D:7:      layout_basic, minmay_temple_entry_hall, gammafunk_ghost_nasty_kobolds
D:8:      cheibrodos_barr_body, layout_basic, gammafunk_temple_overflow_pools,
          uniq_grum
D:9:      layout_basic, amcnicky_altar_gilded, minmay_lair_entry_grove,
          dk_rats_in_the_wall

Skill      XL: |  1  2  3  4  5  6  7  8  9 |
---------------+----------------------------+-----
Stealth        | 3 4 5 6 |  6.7
Hexes          | 1 |  1.1
Fighting       | 1 2 3 |  3.7
Conjurations   | 2 3 4 |  4.2
Summonings     | 2 3 |  3.1
Air Magic      | 1 2 3 |  3.4
Poison Magic   | 1 2 3 4 |  4.2
Dodging        | 3 4 |  4.4
Short Blades   | 1 2 3 |  3.2
Fire Magic     | 1 2 |  2.1
Spellcasting   | 4 |  4.3
Translocations | |  1.7

Action                   |  1- 3 |  4- 6 |  7- 9 || total
-------------------------+-------+-------+-------++-------
Melee: Dagger            |    51 |     9 |       ||    60
       Constrict         |    14 |    17 |    47 ||    78
       Tentacles         |     8 |    15 |    40 ||    63
       Short sword       |       |    61 |   167 ||   228
       Punch             |       |       |     4 ||     4
 Cast: Magic Dart        |    15 |     1 |     3 ||    19
       Call Imp          |     8 |    21 |    21 ||    50
       Blink             |     1 |     1 |     2 ||     4
       Mephitic Cloud    |       |       |     2 ||     2
  Use: Scroll            |       |     5 |     9 ||    14
       Potion            |       |       |     4 ||     4
 Stab: Sleeping          |     3 |    10 |    26 ||    39
       Distracted        |       |       |     3 ||     3
Armor: Skin              |     5 |     2 |    10 ||    17
Dodge: Dodged            |    30 |    52 |   104 ||   186

Table legend: (Time is in decaauts)
 A = Elapsed time spent in this place.
 B = Non-inter-level travel time spent in this place.
 C = Inter-level travel time spent in this place.
 D = Time resting spent in this place.
 E = Time spent auto-exploring this place.
 F = Levels seen in this place.
 G = Mean time per level.
                   A        B        C        D        E       F      G
               +--------+--------+--------+--------+--------+-----+--------+
         Total |   7943 |   7865 |     78 |   3931 |    651 |  10 |  794.3 |
       Dungeon |   7621 |   7543 |     78 |   3931 |    651 |   9 |  846.8 |
         Sewer |    322 |    322 |      0 |      0 |      0 |   1 |  322.0 |
               +--------+--------+--------+--------+--------+-----+--------+

Top non-repeatable levels by time:
     D:4: 1709 daAuts
     D:5: 1555 daAuts
     D:3: 1377 daAuts
     D:2: 894 daAuts
     D:7: 653 daAuts
     D:1: 523 daAuts
     D:6: 503 daAuts
     D:8: 376 daAuts
   Sewer: 322 daAuts
     D:9: 26 daAuts
